Match 41609928
Unlisted

Match 41609928
End
Kettenkrad Recon Vehicle
Construct Infanterie Kompanie
Selects Terror Battlegroup
Selects Machine Gun Camouflage
MG 42 Machine Gun Team
Grenadier Squad
Grenadier Squad
Construct Luftwaffe Kompanie
Jäger Squad
221 Scout Car
Jäger Squad
Support Elements
Selects Interrogate
Medical Station
Jäger Squad
Wirbelwind Flakpanzer
Selects Jericho Trumpet
Jericho Trumpet
Marder III M Tank Destroyer
Jäger Squad
Pioneer Squad
Selects V1 Rocket Strike
Jericho Trumpet
Construct Panzer Kompanie
Selects Defend the Fatherland
Flak 30 Anti-aircraft Gun Team
Panzer IV Medium Tank
Stoßtruppen Squad
V1 Rocket Strike
BigTiddyLebron
kreumat
MDGR
Deuceses22
0
0

Comments sign in to comment!

No comments posted yet!